Oilers vs Capitals
Created - December 1, 2020 at 21:07
Goals
|
| Oilers |
0 |
2 |
1 |
0 |
3 |
| Capitals |
1 |
2 |
0 |
1 |
4 |
|
Shots
|
| Oilers |
10 |
10 |
5 |
0 |
25 |
| Capitals |
7 |
11 |
13 |
1 |
32 |
|
1st period
1. Capitals , Derek Roy 10 (Jeff Skinner 2) at 6:37
Penalties :
Blake Wheeler (Was) for Interference (Minor) at 11:12, Steve Montador (EDM) for Hooking (Minor) at 16:41
2nd period
2. Capitals , Derek Roy 11 (Joe Pavelski 12) at 13:28
3. Capitals , William Karlsson 1 (Brent Burns 8, Ondrej Palat 5) at 14:58
4. Oilers , Johnny Gaudreau 8 (Connor McDavid 8) at 19:40
5. Oilers , Travis Hamonic 1 (Taylor Hall 6, Claude Giroux 11) at 19:48
Penalties :
Joe Pavelski (Was) for Tripping (Minor) at 1:30, Josh Manson (Was) for Goalie Interference (Minor) at 16:27
3rd period
6. Oilers , Kellan Lain 5 (Kevin Porter 1, Tobias Enstrom 4) at 12:57
Penalties :
Brandon Burlon (EDM) for Interference (Minor) at 15:36, Travis Hamonic (EDM) for Roughing (Minor) at 18:59
Overtime #1
7. Capitals , Patrick Sharp 11 (Jason Pominville 7, Brent Burns 9) at 3:53
Penalties :
No Penalty
Goalie Stats
Marc-André Fleury (EDM), 28 saves from 32 shots - (0.875), OTL, 6-5-2, 63:53 minutes
Keith Kinkaid (Was), 22 saves from 25 shots - (0.880), W, 2-0-0, 63:53 minutes
Players Stats for Oilers
Player Name G A P +/- PIM S H SB GA TA FO MP PP MP PK MP
------------------------------------------------------------------------------------
Anthony Stewart 0 0 0 0 0 0 0 0 0 0 0/0 5:03 0:00 0:00
Brady Skjei 0 0 0 2 0 1 1 0 0 1 0/0 21:01 1:43 2:18
Brandon Burlon 0 0 0 -1 2 0 0 0 0 0 0/0 3:21 0:00 0:00
Claude Giroux 0 1 1 0 0 5 3 1 1 0 3/10 27:37 3:31 3:27
Connor McDavid 0 1 1 0 0 1 3 0 0 0 2/5 19:23 2:26 0:11
Johnny Gaudreau 1 0 1 -1 0 3 1 1 0 0 1/2 21:17 2:26 2:03
Jordan Caron 0 0 0 0 0 1 0 0 0 0 0/0 11:49 0:00 0:00
Kellan Lain 1 0 1 0 0 2 2 0 0 0 0/1 13:56 0:00 0:08
Kevin Porter 0 1 1 0 0 0 0 0 0 1 6/9 13:08 0:00 1:19
Oscar Klefbom 0 0 0 0 0 0 0 0 0 0 0/0 13:28 0:00 1:29
Pavel Buchnevich 0 0 0 0 0 1 0 1 0 0 1/2 18:56 2:26 0:00
Riley Sheahan 0 0 0 -1 0 0 2 0 0 3 15/33 21:14 3:31 1:00
Rostislav Olesz 0 0 0 0 0 0 1 0 1 0 0/0 5:36 0:00 0:00
Shea Weber 0 0 0 -2 0 0 2 1 0 2 0/0 27:33 4:14 3:39
Steve Montador 0 0 0 0 2 0 2 1 0 0 0/0 11:58 0:00 0:00
Taylor Hall 0 1 1 0 0 7 0 0 0 0 1/3 23:47 3:31 2:47
Tobias Enstrom 0 1 1 2 0 3 1 1 0 0 0/0 21:01 1:43 2:18
Travis Hamonic 1 0 1 -3 2 1 2 1 1 2 0/0 29:24 4:14 2:10
Players Stats for Capitals
Player Name G A P +/- PIM S H SB GA TA FO MP PP MP PK MP
------------------------------------------------------------------------------------
Alexander Steen 0 0 0 -1 0 4 3 1 1 0 0/1 14:30 0:00 1:09
Blake Wheeler 0 0 0 -1 2 1 3 0 0 0 0/0 11:47 0:03 0:00
Brent Burns 0 2 2 2 0 1 0 0 0 0 0/0 24:36 2:38 3:31
Derek Roy 2 0 2 1 0 7 3 1 2 0 12/25 25:17 2:24 3:25
Jason Pominville 0 1 1 0 0 4 1 1 0 0 1/2 18:00 2:31 1:23
Jeff Skinner 0 1 1 1 0 2 2 0 0 0 0/0 19:59 2:31 0:00
Joe Pavelski 0 1 1 1 2 1 2 1 1 0 8/9 24:05 2:24 2:13
Josh Manson 0 0 0 -2 2 1 1 0 0 0 0/0 12:58 0:00 0:37
Marc-Édouard Vlasic 0 0 0 0 0 1 0 2 1 0 0/0 19:58 0:00 0:00
Mike Green 0 0 0 0 0 1 2 1 2 1 0/0 28:10 2:38 3:52
Mikko Koivu 0 0 0 1 0 0 1 0 0 0 1/1 8:50 0:00 1:22
Ondrej Palat 0 1 1 1 0 0 1 0 1 0 0/0 7:28 0:00 0:00
Patrick Sharp 1 0 1 0 0 3 0 0 1 0 0/0 15:43 2:27 1:23
Ryan Getzlaf 0 0 0 -1 0 0 3 0 0 0 0/6 13:06 2:31 0:00
Ryan Nugent-Hopkins 0 0 0 -1 0 2 1 0 0 0 12/17 14:13 0:00 0:54
Ryan Suter 0 0 0 3 0 1 2 0 0 2 0/0 22:35 2:20 1:57
Trevor Daley 0 0 0 -1 0 2 1 0 0 0 0/0 19:31 2:20 1:57
William Karlsson 1 0 1 1 0 1 1 0 0 0 2/4 8:46 0:03 0:05
3 Stars
1 - Derek Roy (Was)
2 - Brent Burns (Was)
3 - William Karlsson (Was)
Power Play
Oilers - 0 on 3 Attempt(s) - 0.00%
Capitals - 0 on 3 Attempt(s) - 0.00%
Penalty Kill
Oilers - 3 on 3 Attempt(s) - 100.00%
- Score 0 goal in Penalty Kill
Capitals - 3 on 3 Attempt(s) - 100.00%
- Score 0 goal in Penalty Kill
Team Stat
Oilers - Hits : 20 - Faceoff Wins : 29 - Blocked Shots : 7 - Penalty Minutes : 6
Capitals - Hits : 27 - Faceoff Wins : 36 - Blocked Shots : 7 - Penalty Minutes : 6
Official
Referees : Unknown
Linesman : Unknown
Game Notes
No Game Note
Finance
Level 1 -- Attendance: 6000 (100.00%) -- Ticket Income $612,000
Level 2 -- Attendance: 5000 (100.00%) -- Ticket Income $260,000
Level 3 -- Attendance: 2000 (100.00%) -- Ticket Income $84,000
Level 4 -- Attendance: 4000 (100.00%) -- Ticket Income $104,000
Luxury Box -- Attendance: 878 (87.80%) -- Ticket Income $169,454
Game was played at the Verizon Center.
Total Attendance: 17878 (99.32%)
Total Ticket Income: $1,229,454
Other Income: $184,418
Total Income: $1,413,872
Oilers
5 vs 5 Forward
Center Left Wing Right Wing Time % Phy DF OF
1 Riley Sheahan Taylor Hall Claude Giroux 40 1 2 2
2 Connor McDavid Johnny Gaudreau Pavel Buchnevich 30 1 2 2
3 Kevin Porter Kellan Lain Jordan Caron 20 1 2 2
4 Claude Giroux Rostislav Olesz Anthony Stewart 10 1 2 2
5 vs 5 Defense
Defense Defense Time % Phy DF OF
1 Travis Hamonic Shea Weber 40 1 2 2
2 Tobias Enstrom Brady Skjei 30 1 2 2
3 Steve Montador Oscar Klefbom 20 1 2 2
4 Brandon Burlon Travis Hamonic 10 1 2 2
PowerPlay Forward
Center Left Wing Right Wing Time % Phy DF OF
1 Riley Sheahan Taylor Hall Claude Giroux 60 1 2 2
2 Connor McDavid Johnny Gaudreau Pavel Buchnevich 40 1 2 2
PowerPlay Defense
Defense Defense Time % Phy DF OF
1 Travis Hamonic Shea Weber 60 1 2 2
2 Tobias Enstrom Brady Skjei 40 1 2 2
Penalty Kill 4 Players Forward
Center Wing Time % Phy DF OF
1 Claude Giroux Taylor Hall 60 1 2 2
2 Johnny Gaudreau Riley Sheahan 40 1 2 2
Penalty Kill 4 Players Defense
Defense Defense Time % Phy DF OF
1 Travis Hamonic Shea Weber 60 1 2 2
2 Tobias Enstrom Brady Skjei 40 1 2 2
Penalty Kill - 3 Players Forward
Forward Time % Phy DF OF
1 Claude Giroux 60 1 2 2
2 Taylor Hall 40 1 2 2
Penalty Kill - 3 Players Defense
Defense Defense Time % Phy DF OF
1 Travis Hamonic Shea Weber 60 1 2 2
2 Tobias Enstrom Brady Skjei 40 1 2 2
4 vs 4 Forward
Center Wing Time % Phy DF OF
1 Claude Giroux Taylor Hall 60 1 2 2
2 Johnny Gaudreau Riley Sheahan 40 1 2 2
4 vs 4 Defense
Defense Defense Time % Phy DF OF
1 Travis Hamonic Shea Weber 60 1 2 2
2 Tobias Enstrom Brady Skjei 40 1 2 2
Last Minutes Offensive
Center Left Wing Right Wing Defense Defense
Riley Sheahan Taylor Hall Claude Giroux Travis Hamonic Shea Weber
Last Minutes Defensive
Center Left Wing Right Wing Defense Defense
Riley Sheahan Taylor Hall Claude Giroux Travis Hamonic Shea Weber
Goaltenders
Starting : Marc-André Fleury
Backup : Jonas Gustavsson
Extra Forwards
Normal : Kellan Lain, Rostislav Olesz, Kevin Porter - PP : Kellan Lain, Rostislav Olesz - PK : Kevin Porter
Extra Defensemen
Normal : Steve Montador, Oscar Klefbom, Brandon Burlon - PP : Steve Montador - PK : Oscar Klefbom, Brandon Burlon
Penalty Shots
Claude Giroux, Taylor Hall, Johnny Gaudreau, Riley Sheahan, Kellan Lain
Scratches
Leon Draisaitl (Healthy)
Capitals
5 vs 5 Forward
Center Left Wing Right Wing Time % Phy DF OF
1 Derek Roy Jeff Skinner Joe Pavelski 40 1 2 2
2 Ryan Nugent-Hopkins Alexander Steen Jason Pominville 30 1 2 2
3 Ryan Getzlaf Patrick Sharp Blake Wheeler 20 1 2 2
4 William Karlsson Ondrej Palat Mikko Koivu 10 1 2 2
5 vs 5 Defense
Defense Defense Time % Phy DF OF
1 Mike Green Marc-Édouard Vlasic 40 1 2 2
2 Brent Burns Ryan Suter 35 1 2 2
3 Trevor Daley Josh Manson 25 1 2 2
4 Mike Green Brent Burns 0 1 2 2
PowerPlay Forward
Center Left Wing Right Wing Time % Phy DF OF
1 Derek Roy Patrick Sharp Joe Pavelski 60 1 2 2
2 Ryan Getzlaf Jeff Skinner Jason Pominville 40 1 2 2
PowerPlay Defense
Defense Defense Time % Phy DF OF
1 Mike Green Brent Burns 60 1 2 2
2 Trevor Daley Ryan Suter 40 1 2 2
Penalty Kill 4 Players Forward
Center Wing Time % Phy DF OF
1 Joe Pavelski Derek Roy 60 1 2 2
2 Jason Pominville Patrick Sharp 40 1 2 2
Penalty Kill 4 Players Defense
Defense Defense Time % Phy DF OF
1 Mike Green Brent Burns 60 1 2 2
2 Trevor Daley Ryan Suter 40 1 2 2
Penalty Kill - 3 Players Forward
Forward Time % Phy DF OF
1 Joe Pavelski 60 1 2 2
2 Derek Roy 40 1 2 2
Penalty Kill - 3 Players Defense
Defense Defense Time % Phy DF OF
1 Mike Green Brent Burns 60 1 2 2
2 Trevor Daley Ryan Suter 40 1 2 2
4 vs 4 Forward
Center Wing Time % Phy DF OF
1 Joe Pavelski Derek Roy 60 1 2 2
2 Jason Pominville Patrick Sharp 40 1 2 2
4 vs 4 Defense
Defense Defense Time % Phy DF OF
1 Mike Green Brent Burns 60 1 2 2
2 Trevor Daley Ryan Suter 40 1 2 2
Last Minutes Offensive
Center Left Wing Right Wing Defense Defense
Derek Roy Patrick Sharp Joe Pavelski Mike Green Brent Burns
Last Minutes Defensive
Center Left Wing Right Wing Defense Defense
Derek Roy Patrick Sharp Joe Pavelski Mike Green Brent Burns
Goaltenders
Starting : Keith Kinkaid
Backup : Tuukka Rask
Extra Forwards
Normal : William Karlsson, Blake Wheeler, Mikko Koivu - PP : William Karlsson, Blake Wheeler - PK : Mikko Koivu
Extra Defensemen
Normal : Marc-Édouard Vlasic, Josh Manson, Trevor Daley - PP : Marc-Édouard Vlasic - PK : Josh Manson, Trevor Daley
Penalty Shots
Joe Pavelski, Derek Roy, Jason Pominville, Patrick Sharp, Ryan Getzlaf
Scratches
Torey Krug (Healthy), T.J. Oshie (Healthy)
% Time on Ice - Oilers
Lines # - Real PCT - Wanted PCT - Time Play
Normal Forward
1 - 33% - 40% - 16:00
2 - 34% - 30% - 16:30
3 - 24% - 20% - 11:49
4 - 10% - 10% - 4:46
Normal Defense
1 - 36% - 40% - 17:54
2 - 32% - 30% - 15:52
3 - 24% - 20% - 11:59
4 - 7% - 10% - 3:20
PP Forward
1 - 59% - 60% - 3:31
2 - 41% - 40% - 2:26
PP Defense
1 - 71% - 60% - 4:14
2 - 29% - 40% - 1:43
PK Forward
1 - 80% - 60% - 3:58
2 - 20% - 40% - 1:00
PK Defense
1 - 60% - 60% - 2:59
2 - 40% - 40% - 1:59
PK3 Forward
1 - 100% - 60% - 0:59
2 - 0% - 40% - 0:00
PK3 Defense
1 - 68% - 60% - 0:40
2 - 32% - 40% - 0:19
44 Forward
1 - 74% - 60% - 2:09
2 - 26% - 40% - 0:45
44 Defense
1 - 61% - 60% - 1:46
2 - 39% - 40% - 1:08
Last Minute Offensive - 0:00
Last Minute Defensive - 0:00
Total
Forward - 63:53
Defense - 63:53
|
% Time on Ice - Capitals
Lines # - Real PCT - Wanted PCT - Time Play
Normal Forward
1 - 36% - 40% - 17:36
2 - 27% - 30% - 13:27
3 - 22% - 20% - 10:34
4 - 15% - 10% - 7:28
Normal Defense
1 - 41% - 40% - 20:04
2 - 34% - 35% - 16:44
3 - 25% - 25% - 12:17
4 - 0% - 0% - 0:00
PP Forward
1 - 49% - 60% - 2:27
2 - 51% - 40% - 2:31
PP Defense
1 - 53% - 60% - 2:38
2 - 47% - 40% - 2:20
PK Forward
1 - 77% - 60% - 4:34
2 - 23% - 40% - 1:23
PK Defense
1 - 67% - 60% - 4:00
2 - 33% - 40% - 1:57
PK3 Forward
1 - 0% - 60%
2 - 0% - 40%
PK3 Defense
1 - 0% - 60%
2 - 0% - 40%
44 Forward
1 - 72% - 60% - 2:48
2 - 28% - 40% - 1:05
44 Defense
1 - 60% - 60% - 2:19
2 - 40% - 40% - 1:34
Last Minute Offensive - 0:00
Last Minute Defensive - 0:00
Total
Forward - 63:53
Defense - 63:53
|
Play-by-Play
1st period
0:01 of 1st period - Derek Roy wins face-off versus Claude Giroux in neutral zone.
0:08 of 1st period - Wrist shot by Derek Roy.
0:08 of 1st period - Shot Hit the Post.
0:56 of 1st period - Snap shot by Kellan Lain.
0:56 of 1st period - Stopped by Keith Kinkaid with a rebound.
1:16 of 1st period - Snap shot by Taylor Hall.
1:16 of 1st period - Stopped by Keith Kinkaid with a rebound.
2:23 of 1st period - Joe Pavelski is hit by Connor McDavid and loses puck.
2:36 of 1st period - Wrist shot by Claude Giroux.
2:36 of 1st period - Deflect By Taylor Hall.
2:36 of 1st period - Shot Misses the Net.
2:36 of 1st period - Puck is out of play.
2:37 of 1st period - William Karlsson wins face-off versus Riley Sheahan in Capitals zone.
3:13 of 1st period - Snap shot by Joe Pavelski.
3:13 of 1st period - Shot Misses the Net.
3:22 of 1st period - Off-side.
3:23 of 1st period - Ryan Nugent-Hopkins wins face-off versus Kevin Porter in neutral zone.
3:26 of 1st period - Kellan Lain is hit by Alexander Steen and loses puck.
3:35 of 1st period - Snap shot by Ryan Nugent-Hopkins.
3:35 of 1st period - Shot Blocked by Travis Hamonic.
3:37 of 1st period - Slapshot by Jason Pominville.
3:37 of 1st period - Stopped by Marc-André Fleury with a rebound.
4:14 of 1st period - Off-side.
4:15 of 1st period - Riley Sheahan wins face-off versus Ryan Getzlaf in neutral zone.
4:32 of 1st period - Snap shot by Claude Giroux.
4:32 of 1st period - Shot Blocked by Marc-Édouard Vlasic.
4:42 of 1st period - Kevin Porter is hit by Mike Green and loses puck.
6:27 of 1st period - Wrist shot by Derek Roy.
6:27 of 1st period - Stopped by Marc-André Fleury without a rebound.
6:28 of 1st period - Kevin Porter wins face-off versus Derek Roy in Oilers zone.
6:37 of 1st period - Snap shot by Derek Roy.
6:37 of 1st period - Goal by Derek Roy - Oilers : 0 - Capitals : 1.
6:38 of 1st period - Riley Sheahan wins face-off versus Derek Roy in neutral zone.
6:45 of 1st period - Snap shot by Taylor Hall.
6:45 of 1st period - Stopped by Keith Kinkaid without a rebound.
6:46 of 1st period - Riley Sheahan wins face-off versus Derek Roy in Capitals zone.
6:49 of 1st period - Wrist shot by Claude Giroux.
6:49 of 1st period - Shot Blocked by Mike Green.
6:51 of 1st period - Backhand shot by Travis Hamonic.
6:51 of 1st period - Shot Blocked by Joe Pavelski.
6:53 of 1st period - Slapshot by Taylor Hall.
6:53 of 1st period - Shot Misses the Net.
6:55 of 1st period - Wrist shot by Taylor Hall.
6:55 of 1st period - Stopped by Keith Kinkaid without a rebound.
6:56 of 1st period - Joe Pavelski wins face-off versus Riley Sheahan in Capitals zone.
7:09 of 1st period - Wrist shot by Claude Giroux.
7:09 of 1st period - Stopped by Keith Kinkaid with a rebound.
7:20 of 1st period - Marc-Édouard Vlasic is hit by Claude Giroux and loses puck.
7:37 of 1st period - Slapshot by Derek Roy.
7:37 of 1st period - Stopped by Marc-André Fleury without a rebound.
7:38 of 1st period - Ryan Nugent-Hopkins wins face-off versus Connor McDavid in Oilers zone.
7:41 of 1st period - Wrist shot by Jason Pominville.
7:41 of 1st period - Deflect By Johnny Gaudreau.
7:41 of 1st period - Shot Misses the Net.
7:41 of 1st period - Puck is out of play.
7:42 of 1st period - Ryan Nugent-Hopkins wins face-off versus Connor McDavid in Oilers zone.
8:16 of 1st period - Wrist shot by Jordan Caron.
8:16 of 1st period - Stopped by Keith Kinkaid without a rebound.
8:17 of 1st period - William Karlsson wins face-off versus Riley Sheahan in Capitals zone.
8:24 of 1st period - Snap shot by Taylor Hall.
8:24 of 1st period - Stopped by Keith Kinkaid without a rebound.
8:25 of 1st period - Riley Sheahan wins face-off versus William Karlsson in Capitals zone.
8:40 of 1st period - Slapshot by Taylor Hall.
8:40 of 1st period - Shot Misses the Net.
8:42 of 1st period - Snap shot by Claude Giroux.
8:42 of 1st period - Stopped by Keith Kinkaid without a rebound.
8:43 of 1st period - Ryan Nugent-Hopkins wins face-off versus Johnny Gaudreau in Capitals zone.
10:20 of 1st period - Wrist shot by Ryan Nugent-Hopkins.
10:20 of 1st period - Shot Blocked by Tobias Enstrom.
10:38 of 1st period - Tobias Enstrom is hit by Trevor Daley and loses puck.
11:12 of 1st period - Minor Penalty to Blake Wheeler for Interference.
11:13 of 1st period - Riley Sheahan wins face-off versus Joe Pavelski in Capitals zone.
11:28 of 1st period - Slapshot by Claude Giroux.
11:28 of 1st period - Shot Misses the Net.
11:30 of 1st period - Slapshot by Claude Giroux.
11:30 of 1st period - Shot Misses the Net.
11:46 of 1st period - Brent Burns is hit by Johnny Gaudreau and loses puck.
13:12 of 1st period - Penalty to Blake Wheeler is over, Blake Wheeler is back on ice.
13:15 of 1st period - Off-side.
13:16 of 1st period - Ryan Nugent-Hopkins wins face-off versus Kevin Porter in neutral zone.
13:31 of 1st period - Snap shot by Alexander Steen.
13:31 of 1st period - Shot Blocked by Steve Montador.
13:38 of 1st period - Icing by Kevin Porter.
13:39 of 1st period - Kevin Porter wins face-off versus Ryan Getzlaf in Oilers zone.
13:46 of 1st period - Slapshot by Ryan Getzlaf.
13:46 of 1st period - Shot Blocked by Claude Giroux.
14:06 of 1st period - Johnny Gaudreau is hit by Joe Pavelski and loses puck.
14:11 of 1st period - Slapshot by Jeff Skinner.
14:11 of 1st period - Shot Misses the Net.
14:35 of 1st period - Wrist shot by Kellan Lain.
14:35 of 1st period - Shot Blocked by Alexander Steen.
15:07 of 1st period - Icing by Johnny Gaudreau.
15:08 of 1st period - Connor McDavid wins face-off versus Derek Roy in Oilers zone.
15:14 of 1st period - Snap shot by Connor McDavid.
15:14 of 1st period - Stopped by Keith Kinkaid with a rebound.
15:16 of 1st period - Slapshot by Pavel Buchnevich.
15:16 of 1st period - Stopped by Keith Kinkaid without a rebound.
15:17 of 1st period - Joe Pavelski wins face-off versus Riley Sheahan in Capitals zone.
16:25 of 1st period - Wrist shot by Joe Pavelski.
16:25 of 1st period - Shot Blocked by Shea Weber.
16:27 of 1st period - Snap shot by Derek Roy.
16:27 of 1st period - Stopped by Marc-André Fleury without a rebound.
16:28 of 1st period - Ryan Nugent-Hopkins wins face-off versus Riley Sheahan in Oilers zone.
16:34 of 1st period - Wrist shot by Alexander Steen.
16:34 of 1st period - Stopped by Marc-André Fleury with a rebound.
16:36 of 1st period - Snap shot by Jason Pominville.
16:36 of 1st period - Stopped by Marc-André Fleury without a rebound.
16:37 of 1st period - Ryan Nugent-Hopkins wins face-off versus Riley Sheahan in Oilers zone.
16:41 of 1st period - Minor Penalty to Steve Montador for Hooking.
16:42 of 1st period - Derek Roy wins face-off versus Claude Giroux in Oilers zone.
16:56 of 1st period - Brent Burns is hit by Claude Giroux and loses puck.
18:15 of 1st period - Johnny Gaudreau is hit by Derek Roy and loses puck.
18:41 of 1st period - Penalty to Steve Montador is over, Steve Montador is back on ice.
Goals for this period are 0 for Oilers vs 1 for Capitals.
Shots for this period are 10 for Oilers vs 7 for Capitals.
2nd period
0:01 of 2nd period - Riley Sheahan wins face-off versus Derek Roy in neutral zone.
0:31 of 2nd period - Wrist shot by Connor McDavid.
0:31 of 2nd period - Shot Misses the Net.
0:50 of 2nd period - Patrick Sharp is hit by Tobias Enstrom and loses puck.
1:30 of 2nd period - Minor Penalty to Joe Pavelski for Tripping.
1:31 of 2nd period - Mikko Koivu wins face-off versus Riley Sheahan in Capitals zone.
1:57 of 2nd period - Pavel Buchnevich is hit by Derek Roy and loses puck.
3:30 of 2nd period - Penalty to Joe Pavelski is over, Joe Pavelski is back on ice.
4:23 of 2nd period - Steve Montador is hit by Ryan Getzlaf and loses puck.
4:50 of 2nd period - Jeff Skinner is hit by Connor McDavid and loses puck.
5:16 of 2nd period - Steve Montador is hit by Mikko Koivu and loses puck.
5:42 of 2nd period - Oscar Klefbom is hit by Alexander Steen and loses puck.
6:39 of 2nd period - Shea Weber is hit by Josh Manson and loses puck.
7:10 of 2nd period - Kellan Lain is hit by Jeff Skinner.
7:20 of 2nd period - Jordan Caron is hit by Blake Wheeler and loses puck.
7:46 of 2nd period - Josh Manson is hit by Steve Montador and loses puck.
8:58 of 2nd period - Slapshot by Mike Green.
8:58 of 2nd period - Shot Blocked by Johnny Gaudreau.
9:10 of 2nd period - Wrist shot by Taylor Hall.
9:10 of 2nd period - Shot Blocked by Marc-Édouard Vlasic.
10:09 of 2nd period - Backhand shot by Ryan Nugent-Hopkins.
10:09 of 2nd period - Stopped by Marc-André Fleury without a rebound.
10:10 of 2nd period - Derek Roy wins face-off versus Claude Giroux in Oilers zone.
10:21 of 2nd period - Wrist shot by Derek Roy.
10:21 of 2nd period - Stopped by Marc-André Fleury without a rebound.
10:22 of 2nd period - Connor McDavid wins face-off versus Derek Roy in Oilers zone.
10:41 of 2nd period - Derek Roy is hit by Travis Hamonic and loses puck.
10:54 of 2nd period - Snap shot by Jason Pominville.
10:54 of 2nd period - Deflect By Ryan Nugent-Hopkins.
10:54 of 2nd period - Shot Misses the Net.
10:54 of 2nd period - Puck is out of play.
10:55 of 2nd period - Riley Sheahan wins face-off versus Ryan Nugent-Hopkins in Oilers zone.
11:48 of 2nd period - Icing by Marc-Édouard Vlasic.
11:49 of 2nd period - Johnny Gaudreau wins face-off versus Ryan Getzlaf in Capitals zone.
12:20 of 2nd period - Snap shot by Joe Pavelski.
12:20 of 2nd period - Shot Misses the Net.
12:22 of 2nd period - Slapshot by Marc-Édouard Vlasic.
12:22 of 2nd period - Shot Misses the Net.
12:24 of 2nd period - Slapshot by Mike Green.
12:24 of 2nd period - Stopped by Marc-André Fleury with a rebound.
12:26 of 2nd period - Slapshot by Marc-Édouard Vlasic.
12:26 of 2nd period - Deflect By Derek Roy.
12:26 of 2nd period - Shot Misses the Net.
12:26 of 2nd period - Puck is out of play.
12:27 of 2nd period - Kevin Porter wins face-off versus Derek Roy in Oilers zone.
13:18 of 2nd period - Slapshot by Claude Giroux.
13:18 of 2nd period - Shot Misses the Net.
13:20 of 2nd period - Slapshot by Brady Skjei.
13:20 of 2nd period - Deflect By Claude Giroux.
13:20 of 2nd period - Stopped by Keith Kinkaid without a rebound.
13:21 of 2nd period - Derek Roy wins face-off versus Riley Sheahan in Capitals zone.
13:26 of 2nd period - Snap shot by Derek Roy.
13:26 of 2nd period - Stopped by Marc-André Fleury with a rebound.
13:28 of 2nd period - Snap shot by Derek Roy.
13:28 of 2nd period - Goal by Derek Roy - Oilers : 0 - Capitals : 2.
13:29 of 2nd period - Derek Roy wins face-off versus Riley Sheahan in neutral zone.
14:03 of 2nd period - Slapshot by Tobias Enstrom.
14:03 of 2nd period - Stopped by Keith Kinkaid without a rebound.
14:04 of 2nd period - Ryan Nugent-Hopkins wins face-off versus Riley Sheahan in Capitals zone.
14:17 of 2nd period - Snap shot by Ryan Nugent-Hopkins.
14:17 of 2nd period - Stopped by Marc-André Fleury with a rebound.
14:54 of 2nd period - Snap shot by Brent Burns.
14:54 of 2nd period - Shot Blocked by Pavel Buchnevich.
14:58 of 2nd period - Wrist shot by William Karlsson.
14:58 of 2nd period - Goal by William Karlsson - Oilers : 0 - Capitals : 3.
14:59 of 2nd period - Derek Roy wins face-off versus Riley Sheahan in neutral zone.
15:04 of 2nd period - Riley Sheahan is hit by Derek Roy and loses puck.
15:25 of 2nd period - Joe Pavelski is hit by Travis Hamonic and loses puck.
15:54 of 2nd period - Brady Skjei is hit by Alexander Steen and loses puck.
16:01 of 2nd period - Wrist shot by Jason Pominville.
16:01 of 2nd period - Shot Misses the Net.
16:03 of 2nd period - Wrist shot by Alexander Steen.
16:03 of 2nd period - Stopped by Marc-André Fleury with a rebound.
16:05 of 2nd period - Slapshot by Jason Pominville.
16:05 of 2nd period - Stopped by Marc-André Fleury with a rebound.
16:27 of 2nd period - Minor Penalty to Josh Manson for Goalie Interference.
16:28 of 2nd period - Riley Sheahan wins face-off versus Derek Roy in Capitals zone.
16:30 of 2nd period - Wrist shot by Taylor Hall.
16:30 of 2nd period - Stopped by Keith Kinkaid without a rebound.
16:31 of 2nd period - Joe Pavelski wins face-off versus Riley Sheahan in Capitals zone.
16:58 of 2nd period - Slapshot by Mike Green.
16:58 of 2nd period - Shot Misses the Net.
17:01 of 2nd period - Icing by Shea Weber.
17:02 of 2nd period - Jason Pominville wins face-off versus Pavel Buchnevich in Oilers zone.
17:09 of 2nd period - Slapshot by Ryan Suter.
17:09 of 2nd period - Stopped by Marc-André Fleury without a rebound.
17:10 of 2nd period - Joe Pavelski wins face-off versus Riley Sheahan in Oilers zone.
17:43 of 2nd period - Wrist shot by Patrick Sharp.
17:43 of 2nd period - Deflect By Jason Pominville.
17:43 of 2nd period - Shot Misses the Net.
17:43 of 2nd period - Puck is out of play.
17:44 of 2nd period - Riley Sheahan wins face-off versus Jason Pominville in Oilers zone.
17:53 of 2nd period - Snap shot by Claude Giroux.
17:53 of 2nd period - Shot Misses the Net.
17:55 of 2nd period - Slapshot by Brady Skjei.
17:55 of 2nd period - Stopped by Keith Kinkaid with a rebound.
17:57 of 2nd period - Slapshot by Tobias Enstrom.
17:57 of 2nd period - Deflect By Jason Pominville.
17:57 of 2nd period - Stopped by Keith Kinkaid without a rebound.
17:58 of 2nd period - Joe Pavelski wins face-off versus Riley Sheahan in Capitals zone.
17:58 of 2nd period - Joe Pavelski is hit by Riley Sheahan.
18:16 of 2nd period - Joe Pavelski is hit by Claude Giroux and loses puck.
18:27 of 2nd period - Penalty to Josh Manson is over, Josh Manson is back on ice.
18:29 of 2nd period - Snap shot by Patrick Sharp.
18:29 of 2nd period - Stopped by Marc-André Fleury without a rebound.
18:30 of 2nd period - Ryan Nugent-Hopkins wins face-off versus Connor McDavid in Oilers zone.
19:19 of 2nd period - Snap shot by Connor McDavid.
19:19 of 2nd period - Deflect By Johnny Gaudreau.
19:19 of 2nd period - Stopped by Keith Kinkaid with a rebound.
19:36 of 2nd period - Wrist shot by Johnny Gaudreau.
19:36 of 2nd period - Stopped by Keith Kinkaid with a rebound.
19:38 of 2nd period - Snap shot by Johnny Gaudreau.
19:38 of 2nd period - Shot Misses the Net.
19:40 of 2nd period - Slapshot by Johnny Gaudreau.
19:40 of 2nd period - Goal by Johnny Gaudreau - Oilers : 1 - Capitals : 3.
19:41 of 2nd period - Claude Giroux wins face-off versus Ryan Nugent-Hopkins in neutral zone.
19:46 of 2nd period - Snap shot by Taylor Hall.
19:46 of 2nd period - Stopped by Keith Kinkaid with a rebound.
19:48 of 2nd period - Slapshot by Travis Hamonic.
19:48 of 2nd period - Deflect By Jason Pominville.
19:48 of 2nd period - Goal by Travis Hamonic - Oilers : 2 - Capitals : 3.
19:49 of 2nd period - Derek Roy wins face-off versus Riley Sheahan in neutral zone.
Goals for this period are 2 for Oilers vs 2 for Capitals.
Shots for this period are 10 for Oilers vs 11 for Capitals.
3rd period
0:01 of 3rd period - Taylor Hall wins face-off versus Derek Roy in neutral zone.
0:14 of 3rd period - Wrist shot by Joe Pavelski.
0:14 of 3rd period - Stopped by Marc-André Fleury without a rebound.
0:15 of 3rd period - Ryan Nugent-Hopkins wins face-off versus Taylor Hall in Oilers zone.
0:16 of 3rd period - Snap shot by Jason Pominville.
0:16 of 3rd period - Stopped by Marc-André Fleury with a rebound.
0:18 of 3rd period - Snap shot by Ryan Nugent-Hopkins.
0:18 of 3rd period - Shot Misses the Net.
0:20 of 3rd period - Snap shot by Brent Burns.
0:20 of 3rd period - Shot Misses the Net.
0:22 of 3rd period - Slapshot by Brent Burns.
0:22 of 3rd period - Shot Misses the Net.
1:35 of 3rd period - Ryan Getzlaf is hit by Rostislav Olesz and loses puck.
2:23 of 3rd period - Snap shot by Alexander Steen.
2:23 of 3rd period - Shot Misses the Net.
2:25 of 3rd period - Snap shot by Josh Manson.
2:25 of 3rd period - Stopped by Marc-André Fleury with a rebound.
2:27 of 3rd period - Slapshot by Trevor Daley.
2:27 of 3rd period - Stopped by Marc-André Fleury with a rebound.
2:29 of 3rd period - Slapshot by Trevor Daley.
2:29 of 3rd period - Stopped by Marc-André Fleury with a rebound.
3:05 of 3rd period - Snap shot by Claude Giroux.
3:05 of 3rd period - Deflect By Joe Pavelski.
3:05 of 3rd period - Shot Blocked by Derek Roy.
3:05 of 3rd period - Puck is out of play.
3:06 of 3rd period - Kevin Porter wins face-off versus Alexander Steen in Capitals zone.
4:19 of 3rd period - Mike Green is hit by Kellan Lain and loses puck.
4:36 of 3rd period - Brady Skjei is hit by Ondrej Palat.
4:50 of 3rd period - Slapshot by Johnny Gaudreau.
4:50 of 3rd period - Shot Misses the Net.
5:04 of 3rd period - Rostislav Olesz is hit by Ryan Getzlaf and loses puck.
5:18 of 3rd period - Icing by Patrick Sharp.
5:19 of 3rd period - Kevin Porter wins face-off versus William Karlsson in Capitals zone.
5:47 of 3rd period - Backhand shot by Marc-Édouard Vlasic.
5:47 of 3rd period - Shot Misses the Net.
6:39 of 3rd period - Snap shot by Blake Wheeler.
6:39 of 3rd period - Stopped by Marc-André Fleury without a rebound.
6:40 of 3rd period - Riley Sheahan wins face-off versus Derek Roy in Oilers zone.
6:51 of 3rd period - Snap shot by Claude Giroux.
6:51 of 3rd period - Stopped by Keith Kinkaid without a rebound.
6:52 of 3rd period - Derek Roy wins face-off versus Riley Sheahan in Capitals zone.
7:01 of 3rd period - Slapshot by Claude Giroux.
7:01 of 3rd period - Stopped by Keith Kinkaid with a rebound.
7:07 of 3rd period - Derek Roy is hit by Shea Weber and loses puck.
7:20 of 3rd period - Snap shot by Patrick Sharp.
7:20 of 3rd period - Stopped by Marc-André Fleury without a rebound.
7:21 of 3rd period - Pavel Buchnevich wins face-off versus Ryan Getzlaf in Oilers zone.
7:30 of 3rd period - Wrist shot by Patrick Sharp.
7:30 of 3rd period - Shot Misses the Net.
7:48 of 3rd period - Taylor Hall is hit by Joe Pavelski and loses puck.
7:53 of 3rd period - Wrist shot by Joe Pavelski.
7:53 of 3rd period - Deflect By Jeff Skinner.
7:53 of 3rd period - Stopped by Marc-André Fleury with a rebound.
7:55 of 3rd period - Slapshot by Jeff Skinner.
7:55 of 3rd period - Stopped by Marc-André Fleury with a rebound.
7:57 of 3rd period - Slapshot by Marc-Édouard Vlasic.
7:57 of 3rd period - Stopped by Marc-André Fleury without a rebound.
7:58 of 3rd period - Riley Sheahan wins face-off versus Ryan Nugent-Hopkins in Oilers zone.
8:09 of 3rd period - Wrist shot by Taylor Hall.
8:09 of 3rd period - Shot Misses the Net.
8:11 of 3rd period - Slapshot by Taylor Hall.
8:11 of 3rd period - Deflect By Riley Sheahan.
8:11 of 3rd period - Shot Blocked by Jason Pominville.
8:11 of 3rd period - Puck is out of play.
8:12 of 3rd period - Derek Roy wins face-off versus Riley Sheahan in Capitals zone.
8:16 of 3rd period - Icing by Joe Pavelski.
8:17 of 3rd period - Riley Sheahan wins face-off versus Derek Roy in Capitals zone.
8:23 of 3rd period - Off-side.
8:24 of 3rd period - Riley Sheahan wins face-off versus Derek Roy in neutral zone.
8:27 of 3rd period - Ryan Suter is hit by Riley Sheahan.
9:02 of 3rd period - Pavel Buchnevich is hit by Jason Pominville.
9:29 of 3rd period - Icing by Ryan Getzlaf.
9:30 of 3rd period - Claude Giroux wins face-off versus Ryan Getzlaf in Capitals zone.
10:11 of 3rd period - Oscar Klefbom is hit by Ryan Getzlaf and loses puck.
10:31 of 3rd period - Icing by Kellan Lain.
10:32 of 3rd period - Derek Roy wins face-off versus Kevin Porter in Oilers zone.
10:35 of 3rd period - Snap shot by Derek Roy.
10:35 of 3rd period - Shot Misses the Net.
10:45 of 3rd period - Snap shot by Derek Roy.
10:45 of 3rd period - Shot Misses the Net.
10:47 of 3rd period - Slapshot by Brent Burns.
10:47 of 3rd period - Stopped by Marc-André Fleury without a rebound.
10:48 of 3rd period - Ryan Nugent-Hopkins wins face-off versus Riley Sheahan in Oilers zone.
10:51 of 3rd period - Wrist shot by Alexander Steen.
10:51 of 3rd period - Stopped by Marc-André Fleury without a rebound.
10:52 of 3rd period - Riley Sheahan wins face-off versus Ryan Nugent-Hopkins in Oilers zone.
10:52 of 3rd period - Riley Sheahan is hit by Ryan Nugent-Hopkins.
11:00 of 3rd period - Shea Weber is hit by Ryan Suter.
11:08 of 3rd period - Snap shot by Taylor Hall.
11:08 of 3rd period - Stopped by Keith Kinkaid with a rebound.
11:49 of 3rd period - William Karlsson is hit by Kellan Lain.
12:03 of 3rd period - Snap shot by Jason Pominville.
12:03 of 3rd period - Deflect By Alexander Steen.
12:03 of 3rd period - Stopped by Marc-André Fleury without a rebound.
12:04 of 3rd period - Riley Sheahan wins face-off versus Ryan Nugent-Hopkins in Oilers zone.
12:29 of 3rd period - Jeff Skinner is hit by Steve Montador and loses puck.
12:51 of 3rd period - Off-side.
12:52 of 3rd period - Kevin Porter wins face-off versus Ryan Getzlaf in neutral zone.
12:57 of 3rd period - Wrist shot by Kevin Porter.
12:57 of 3rd period - Deflect By Kellan Lain.
12:57 of 3rd period - Goal by Kellan Lain - Oilers : 3 - Capitals : 3.
12:58 of 3rd period - Derek Roy wins face-off versus Taylor Hall in neutral zone.
13:59 of 3rd period - Wrist shot by Patrick Sharp.
13:59 of 3rd period - Shot Misses the Net.
14:29 of 3rd period - Connor McDavid is hit by Mike Green and loses puck.
14:40 of 3rd period - Wrist shot by Joe Pavelski.
14:40 of 3rd period - Shot Misses the Net.
15:06 of 3rd period - Jordan Caron is hit by Blake Wheeler.
15:36 of 3rd period - Minor Penalty to Brandon Burlon for Interference.
15:37 of 3rd period - Claude Giroux wins face-off versus Derek Roy in Oilers zone.
16:28 of 3rd period - Trevor Daley is hit by Brady Skjei and loses puck.
17:24 of 3rd period - Brent Burns is hit by Connor McDavid and loses puck.
17:36 of 3rd period - Penalty to Brandon Burlon is over, Brandon Burlon is back on ice.
17:59 of 3rd period - Icing by Tobias Enstrom.
18:00 of 3rd period - Ryan Nugent-Hopkins wins face-off versus Kellan Lain in Oilers zone.
18:01 of 3rd period - Snap shot by Alexander Steen.
18:01 of 3rd period - Shot Misses the Net.
18:16 of 3rd period - Brandon Burlon is hit by Jeff Skinner.
18:59 of 3rd period - Minor Penalty to Travis Hamonic for Roughing.
19:00 of 3rd period - Derek Roy wins face-off versus Claude Giroux in Oilers zone.
19:26 of 3rd period - Oscar Klefbom is hit by Ryan Suter.
19:45 of 3rd period - Wrist shot by Riley Sheahan.
19:45 of 3rd period - Shot Misses the Net.
19:47 of 3rd period - Slapshot by Tobias Enstrom.
19:47 of 3rd period - Stopped by Keith Kinkaid with a rebound.
Goals for this period are 1 for Oilers vs 0 for Capitals.
Shots for this period are 5 for Oilers vs 13 for Capitals.
Overtime #1
0:01 of 1st overtime period - Joe Pavelski wins face-off versus Claude Giroux in neutral zone.
0:27 of 1st overtime period - Brent Burns is hit by Shea Weber and loses puck.
0:59 of 1st overtime period - Penalty to Travis Hamonic is over, Travis Hamonic is back on ice.
1:27 of 1st overtime period - Tobias Enstrom is hit by Blake Wheeler and loses puck.
1:37 of 1st overtime period - Icing by Brady Skjei.
1:38 of 1st overtime period - Joe Pavelski wins face-off versus Claude Giroux in Oilers zone.
2:52 of 1st overtime period - Icing by Claude Giroux.
2:53 of 1st overtime period - Joe Pavelski wins face-off versus Claude Giroux in Oilers zone.
3:10 of 1st overtime period - Brady Skjei is hit by William Karlsson and loses puck.
3:53 of 1st overtime period - Slapshot by Patrick Sharp.
3:53 of 1st overtime period - Goal by Patrick Sharp - Oilers : 3 - Capitals : 4.
Goals for this period are 0 for Oilers vs 1 for Capitals.
Shots for this period are 0 for Oilers vs 1 for Capitals.